 Dungeon Crawl Stone Soup version 0.19-a0-1886-gd64a0f0 (webtiles) character file.

3810 Amnesiac the Frost Mage (level 9, 0/62 (63) HPs)
             Began as a Demonspawn Wanderer on Oct 16, 2016.
             Was an Elder of Dithmenos.
             Slain by an ogre
             ... wielding a +0 giant club
              (18 damage)
             ... on level 10 of the Dungeon.
             The game lasted 00:12:11 (6560 turns).

Amnesiac the Frost Mage (Demonspawn Wanderer)       Turns: 6560, Time: 00:12:12

HP:   0/62 (63)     AC:  9    Str: 10    XL:     9   Next: 96%
MP:   20/20         EV: 10    Int: 19    God:    Dithmenos [****..]
Gold: 472           SH:  0    Dex: 13    Spells: 2 memorised, 20 levels left

rFire  + . .     SeeInvis .     t - +2 long sword (venom)
rCold  . . .     Gourm    .     u - +0 ring mail {MR+}
rNeg   . . .     Faith    .     (no shield)
rPois  .         Spirit   .     (helmet restricted)
rElec  .         Dismiss  .     (no cloak)
rCorr  .         Reflect  .     (no gloves)
MR     +++..     Harm     .     s - +1 pair of boots
Stlth  +++++..... Rnd*Rage +    (no amulet)
                                e - ring of protection from magic
                                d - ring of protection from magic

@: wreathed by umbra
A: claws 1, horns 2, iridescent scales 1, berserk 1, fire resistance 1,
nightstalker 2, regeneration 1, spiny 1, wild magic 1
a: Shadow Step, Renounce Religion


You were on level 10 of the Dungeon.
You worshipped Dithmenos.
Dithmenos was greatly pleased with you.
You were not hungry.

You visited 1 branch of the dungeon, and saw 10 of its levels.

You collected 472 gold pieces.

Inventory:

Hand Weapons
 a - a +2 spear
 l - a +0 short sword of draining
 t - a +2 long sword of venom (weapon)
 M - the +6 whip of the Silent Majority {pain, rElec rPois MP-9 Int+9 Stlth+, unknown}
   (You found it on level 9 of the Dungeon)

   In the hands of one skilled in necromantic magic, it inflicts extra damage on
   living creatures.
   It affects your intelligence (+9).
   It insulates you from electricity.
   It protects you from poison.
   It affects your magic capacity (-9).
   It makes you more stealthy.
Armour
 m - a +0 helmet
 s - a +1 pair of boots (worn)
 u - a +0 ring mail of magic resistance (worn)
Jewellery
 d - a ring of protection from magic (left claw)
 e - a ring of protection from magic (right claw)
 j - an uncursed amulet of dismissal
 w - an uncursed ring of positive energy
 D - a +2 ring of intelligence
Wands
 C - a wand of iceblast (2/15)
Scrolls
 h - 3 scrolls of remove curse
 n - 3 scrolls of fear
 y - 4 scrolls of fog
 B - 2 scrolls of identify
 E - 2 scrolls of amnesia {unknown}
 J - a scroll of enchant weapon {unknown}
 K - a scroll of brand weapon {unknown}
Potions
 g - a potion of heal wounds
 i - 5 potions of curing
 o - a potion of magic
 p - a potion of might
 r - a potion of ambrosia
 x - a potion of invisibility
 z - 3 potions of lignification
 H - a potion of flight
Books
 b - the Compendium of Conjuration

   Spells                             Type                      Level
   a - Flame Tongue                   Conjuration/Fire             1
   b - Dazzling Spray                 Conjuration/Hexes            3
 c - Yguov's Volume of Ice

   Spells                             Type                      Level
   a - Freeze                         Ice                          1
   b - Ozocubu's Armour               Charms/Ice                   3
 k - the Tome of the Compass and Transmigration
   (You found it on level 5 of the Dungeon)

   Spells                             Type                      Level
   a - Beastly Appendage              Transmutation                1
   b - Shroud of Golubria             Charms/Translocation         2
   c - Passwall                       Transmutation/Earth          2
   d - Teleport Other                 Translocation                3
   e - Passage of Golubria            Translocation                4
   f - Dragon Form                    Transmutation                7
 q - a book of Cantrips

   Spells                             Type                      Level
   a - Confusing Touch                Hexes                        1
   b - Animate Skeleton               Necromancy                   1
   c - Summon Small Mammal            Summoning                    1
   d - Apportation                    Translocation                1
 L - a book of Changes

   Spells                             Type                      Level
   a - Beastly Appendage              Transmutation                1
   b - Sticks to Snakes               Transmutation                2
   c - Spider Form                    Transmutation/Poison         3
   d - Ice Form                       Ice/Transmutation            4
   e - Blade Hands                    Transmutation                5
Comestibles
 f - 4 bread rations
 v - 2 fruits
 A - 3 slices of pizza
 G - 2 chunks of flesh
 I - 2 meat rations


   Skills:
 - Level 3.0 Fighting
 - Level 1.0 Dodging
 - Level 1.7 Stealth
 + Level 7.5 Spellcasting
   Level 1.0 Summonings
 * Level 10.6 Ice Magic
   Level 1.0 Poison Magic
 - Level 1.0 Evocations


You had 20 spell levels left.
You knew the following spells:

 Your Spells              Type           Power        Failure   Level  Hunger
f - Freeze                Ice            ####         1%          1    None
v - Passwall              Tmut/Erth      #.........   52%         2    None


Dungeon Overview and Level Annotations

Branches:
Dungeon (9/15)             Temple (0/1) D:4
   Lair: D:8-11         Orc: D:9-12

Altars:
Ashenzari
Dithmenos
Hepliaklqana
Makhleb
Qazlal
Sif Muna
Trog


Innate Abilities, Weirdness & Mutations

You have sharp fingernails.
You are partially covered in iridescent scales. (AC +2)
You are significantly more attuned to the shadows.
You are partially covered in sharp spines.
You have a pair of horns on your head.
You tend to lose your temper in combat.
Your flesh is heat resistant. (rF+)
Your natural rate of healing is unusually fast.
Your spells are a little harder to cast, but a little more powerful.


Message History

You slash the troll!
The troll looks as sick as possible!
The troll is heavily wounded.
The troll is struck by your spines. The troll bites you but does no damage.
The troll claws you. The troll claws you! The troll barely misses you.
The troll claws you but does no damage. The troll claws you!
You hit the troll.
The troll looks as sick as possible!
The troll is almost dead.
The troll bites you! The troll claws you. x2
* * * LOW HITPOINT WARNING * * *
You are too injured to fight recklessly!
You are too injured to fight recklessly!
You are too injured to fight recklessly!
You are too injured to fight recklessly!
You slash the troll!
You kill the troll!
Dithmenos accepts your kill.
You slash the ogre!
The ogre is heavily wounded.
The ogre hits you with a giant club!!
You die...

#.. .. #.# #.# # #. #
###.# #.# ##.#.# ##
##.#.# #.# #..#.## ##.
##....####.###.#...####..
.......O@.............'..
##....####.#.......####..
##.#.# #........## ##.
###.# ###.##.#.# ## #.#
#.##.#.# # ..# #.##)#.#
#......# ####.### ## #.#
#..


You could see an ogre.

Vanquished Creatures
  Pikel (D:6)
  A troll (D:10)
  Grinder (D:6)
  Eustachio (D:5)
  2 hungry ghosts
  Menkaure (D:7)
  3 slaves (D:6)
  An orc warrior (D:6)
  A black bear (D:6)
  A necrophage (D:7)
  An ice beast (D:5)
  2 sky beasts
  An ogre (D:5)
  A centaur (D:8)
  A crocodile (D:10)
  A bullfrog (D:6)
  2 wyvern zombies (D:6)
  A scorpion (D:8)
  3 crimson imps
  3 bullfrog zombies
  3 centaur zombies (D:6)
  3 orc priests
  A bullfrog skeleton (D:6)
  4 hounds
  A jelly (D:5)
  An iguana (D:5)
  A gnoll shaman (D:8)
  Jessica (D:2)
  3 orc wizards
  6 worker ants
  A killer bee zombie (D:6)
  2 hound zombies (D:6)
  2 hound skeletons (D:6)
  2 worker ant zombies (D:6)
  Robin (D:2)
  A howler monkey skeleton (D:5)
  19 gnolls
  7 adders
  6 shadow imps
  2 oozes (D:4)
  An adder zombie (D:6)
  3 adder skeletons
  A worm (D:3)
  3 dart slugs
  5 leopard geckos
  23 orcs
  2 ball pythons
  5 bats
  4 giant cockroaches
  15 goblins
  9 hobgoblins
  10 jackals
  2 quokkas
  10 frilled lizards
  A jackal skeleton (D:6)
  2 jackal zombies (D:6)
  7 kobolds
  A leopard gecko skeleton (D:6)
  2 quokka zombies
  6 rats
208 creatures vanquished.

Notes
Turn   | Place    | Note
-------+----------+-------------------------------------------
     0 | D:1      | Amnesiac the Demonspawn Wanderer began the quest for the Orb.
     0 | D:1      | Amnesiac set off with: a +2 spear, the Compendium of Conjuration, Yguov's Volume of Ice, a +0 robe, a +0 dagger, a bread ration
     0 | D:1      | Reached XP level 1. HP: 18/18 MP: 2/2
     0 | D:1      | Identified the Compendium of Conjuration
     0 | D:1      | Identified Yguov's Volume of Ice
     2 | D:1      | Learned a level 1 spell: Freeze
    91 | D:1      | Reached skill level 1 in Ice Magic
   410 | D:1      | Gained mutation: You are partially covered in sharp spines. [demonic ancestry]
   410 | D:1      | Reached XP level 2. HP: 24/24 MP: 0/3
   662 | D:2      | Reached skill level 2 in Ice Magic
   716 | D:2      | Noticed Jessica
   722 | D:2      | Killed Jessica
   722 | D:2      | Reached XP level 3. HP: 14/29 MP: 0/5
  1119 | D:2      | Reached XP level 4. HP: 35/35 MP: 4/6
  1122 | D:2      | Reached skill level 3 in Ice Magic
  1493 | D:4      | Gained mutation: You are partially covered in iridescent scales. (AC +2) [demonic ancestry]
  1493 | D:4      | Reached XP level 5. HP: 33/41 MP: 6/8
  1575 | D:5      | Entered Level 5 of the Dungeon
  1576 | D:5      | Gained mutation: You have supernaturally acute eyesight. (SInv) [potion of mutation]
  1576 | D:5      | Gained mutation: Your flesh is heat resistant. (rF+) [potion of mutation]
  1576 | D:5      | Gained mutation: Your natural rate of healing is unusually fast. [potion of mutation]
  1577 | D:5      | Gained mutation: You have a pair of small horns on your head. [potion of mutation]
  1578 | D:5      | Noticed Eustachio
  1588 | D:5      | Killed Eustachio
  1588 | D:5      | Reached skill level 4 in Ice Magic
  1588 | D:5      | Gained mutation: You have sharp fingernails. [demonic ancestry]
  1588 | D:5      | Reached XP level 6. HP: 42/47 MP: 8/10
  1722 | D:5      | Found a shadowy altar of Dithmenos.
  1722 | D:5      | Found a shattered altar of Ashenzari.
  1726 | D:5      | Became a worshipper of Dithmenos the Shadowed
  1868 | D:2      | Reached skill level 5 in Ice Magic
  2526 | D:2      | Noticed Robin
  2528 | D:2      | Reached * piety under Dithmenos
  2537 | D:2      | Killed Robin
  2804 | D:3      | Reached XP level 7. HP: 47/52 MP: 12/12
  2887 | D:3      | Reached ** piety under Dithmenos
  3452 | D:4      | Found a staircase to the Ecumenical Temple.
  3514 | D:4      | Found a deep blue altar of Sif Muna.
  3692 | D:5      | Reached skill level 6 in Ice Magic
  3786 | D:5      | Found a bloodstained altar of Trog.
  3896 | D:5      | Found a hazy altar of Hepliaklqana.
  4128 | D:5      | Reached skill level 7 in Ice Magic
  4128 | D:5      | Gained mutation: You are slightly more attuned to the shadows. [demonic ancestry]
  4128 | D:5      | Reached XP level 8. HP: 58/58 MP: 13/15
  4135 | D:5      | Gained mutation: You are agile. (Dex +2) [mutagenic meat]
  4138 | D:5      | Lost mutation: You are agile. (Dex +2) [mutagenic meat]
  4141 | D:5      | Gained mutation: You have a pair of horns on your head. [mutagenic meat]
  4144 | D:5      | Gained mutation: You tend to lose your temper in combat. [mutagenic meat]
  4147 | D:5      | Lost mutation: You have supernaturally acute eyesight. (SInv) [mutagenic meat]
  4150 | D:5      | Gained mutation: Your spells are a little harder to cast, but a little more powerful. [mutagenic meat]
  4304 | D:5      | Identified the Tome of the Compass and Transmigration
  4563 | D:6      | Reached skill level 5 in Spellcasting
  4601 | D:6      | Reached *** piety under Dithmenos
  4808 | D:6      | Reached skill level 8 in Ice Magic
  4875 | D:6      | Noticed Grinder
  4883 | D:6      | Killed Grinder
  4972 | D:6      | Gained mutation: You are significantly more attuned to the shadows. [demonic ancestry]
  4972 | D:6      | Reached XP level 9. HP: 44/63 MP: 18/18
  4976 | D:6      | Learned a level 2 spell: Passwall
  5017 | D:6      | Noticed Pikel
  5025 | D:6      | Killed Pikel
  5025 | D:6      | Reached skill level 9 in Ice Magic
  5217 | D:7      | Noticed Menkaure
  5222 | D:7      | Killed Menkaure
  5331 | D:7      | Found a stormy altar of Qazlal.
  5356 | D:7      | Reached **** piety under Dithmenos
  5641 | D:7      | Found a burning altar of Makhleb.
  5996 | D:8      | Reached skill level 10 in Ice Magic
  6187 | D:9      | Got a twisted whip
  6468 | D:8      | You fall through a shaft for 2 floors!
  6468 | D:10     | Entered Level 10 of the Dungeon
  6552 | D:10     | Noticed a troll
  6559 | D:10     | Killed a troll
  6560 | D:10     | Slain by an ogre

Vault maps used:
D:1:      dpeg_arrival_oval
D:2:      uniq_robin, uniq_jessica
D:4:      kennysheep_mini_moat, first_bread
D:5:      marbit_many_paths, lemuel_coloured_pillars_altar,
          gammafunk_temple_overflow_wave, grunt_tough_drop, uniq_eustachio
D:6:      serial_undead, serial_undead_b, serial_undead_a, serial_undead_a,
          serial_undead_d, serial_undead_c, serial_undead_e, serial_undead_b,
          serial_undead_c, uniq_grinder, uniq_pikel
D:7:      nicolae_qazlal_style_of_elements, makhleb_grotto_becter, uniq_menkaure
D:9:      uniq_erica, uniq_erolcha

Skill      XL: |  1  2  3  4  5  6  7  8  9 |
---------------+----------------------------+-----
Ice Magic      | 1 2 3 4 5 7 8 10 | 10.6
Spellcasting   | 2 3 4 6 7 |  7.5
Fighting       | |  3.0
Dodging        | |  1.0
Stealth        | |  1.7
Summonings     | |  1.0
Poison Magic   | |  1.0
Evocations     | |  1.0

Action                   |  1- 3 |  4- 6 |  7- 9 || total
-------------------------+-------+-------+-------++-------
Melee: Spear             |    42 |     2 |       ||    44
       Long sword        |       |    77 |   251 ||   328
       Headbutt          |       |    10 |    46 ||    56
 Cast: Freeze            |    21 |    13 |       ||    34
  Use: Scroll            |       |     9 |     2 ||    11
       Potion            |       |     6 |     2 ||     8
 Stab: Sleeping          |       |       |    21 ||    21
       Distracted        |       |       |     2 ||     2
  Eat: Chunk             |     1 |     6 |    22 ||    29
Armor: Robe              |     8 |     7 |       ||    15
       Ring mail         |       |    39 |   130 ||   169
Dodge: Dodged            |    28 |    60 |   190 ||   278
       Rpst.: Long sword |       |    13 |    67 ||    80
